 Dungeon Crawl Stone Soup version 0.17-a0-1360-g37db002 (webtiles) character file.

1 KurdyM the Grave Robber (level 1, -3/14 HPs)
             Began as a Hill Orc Necromancer on June 11, 2015.
             Slain by a goblin
             ... wielding a +0 dagger
              (5 damage)
             ... on level 1 of the Dungeon.
             The game lasted 00:00:29 (32 turns).

KurdyM the Grave Robber (Hill Orc Necromancer)        Turns: 32, Time: 00:00:29

Health: -3/14      AC:  2    Str: 10    XL:     1   Next: 20%
Magic:  0/3        EV: 12    Int: 15    God:
Gold:   0          SH:  0    Dex: 11    Spells: 1 memorised, 2 levels left

rFire  . . .     SeeInvis .     (no weapon)
rCold  . . .     Clarity  .     a - +0 robe
rNeg   . . .     SustAt   .     (no shield)
rPois  .         Gourm    .     (no helmet)
rElec  .         Spirit   .     (no cloak)
rCorr  .         Warding  .     (no gloves)
rMut   .         Stasis   .     (no boots)
MR     .....                    (no amulet)
Stlth  ++........               (no ring)
                                (no ring)

@: very slightly contaminated, not resistant to hostile enchantments, unstealthy
A: no striking features
a: no special abilities


You were on level 1 of the Dungeon.
You were not hungry.

You visited 1 branch of the dungeon, and saw 1 of its levels.

Inventory:

Armour
 a - a +0 robe (worn)
Books
 b - a book of Necromancy
Comestibles
 c - a bread ration


   Skills:
 - Level 1.5 Dodging
 - Level 1.5 Stealth
 + Level 1.5 Spellcasting
 + Level 4.0 Necromancy


You had 2 spell levels left.
You knew the following spells:

 Your Spells              Type           Power        Failure   Level  Hunger
a - Pain                  Necr           ##..         6%          1    ##.....


Dungeon Overview and Level Annotations

Branches:
Dungeon (1/15)

Altars:


Message History

Welcome, KurdyM the Hill Orc Necromancer.
Will you prevail where others failed? Will you find the Orb of Zot?
Unknown command.
A goblin comes into view. It is wielding a dagger.
A goblin is nearby!
Unknown command.
Unknown command.
Unknown command.
A goblin comes into view.
The goblin shouts!
The goblin shouts!
Unknown command.
Aim: a goblin, wielding a dagger (chance to defeat MR: 83%)
The goblin barely resists.
Okay, then.
The goblin barely misses you.
Aim: a goblin, wielding a dagger (chance to defeat MR: 83%)
The goblin convulses in agony!
You kill the goblin!
The goblin hits you.
Unknown command.
Aim: a goblin (chance to defeat MR: 83%)
You miscast Pain.
You are very lightly contaminated with residual magic.
Nothing appears to happen.
The goblin completely misses you.
Unknown command.
The goblin hits you.
A hobgoblin comes into view. It is wielding a club.
A goblin comes into view. It is wielding a dagger.
The goblin shouts!
The hobgoblin shouts!
The goblin hits you but does no damage. The goblin hits you with a dagger.
* * * LOW HITPOINT WARNING * * *
Unknown command.
Aim: a goblin (chance to defeat MR: 83%)
The goblin convulses in agony!
You kill the goblin!
You see here a dagger.
Unknown command.
Unknown command.
Aim: a goblin, wielding a dagger (chance to defeat MR: 83%)
The goblin convulses in agony!
The goblin hits you with a dagger.
You die...

.... .... ..g #..
#.# # ####.#### #.
#..#....# #
#.##.....<.#####.#
#....##.@........#
#...#####g........#
#...g#####........#
#.#....##...###....
...##...)...## ..#
... #.....### .#
..... ##....# #
.... #...## ....
###.[


You could see a goblin.

Vanquished Creatures
  2 goblins (D:1)
2 creatures vanquished.

Notes
Turn   | Place    | Note
--------------------------------------------------------------
     0 | D:1      | KurdyM the Hill Orc Necromancer began the quest for the Orb.
     0 | D:1      | Reached XP level 1. HP: 14/14 MP: 3/3
    21 | D:1      | HP: 3/14 [goblin/dagger (5)]
    32 | D:1      | Slain by a goblin

Vault maps used:
D:1:      dpeg_arrival_arbitrary_b

Action                   || total
-------------------------++-------
 Cast: Pain              ||     4

Vault maps used:
D:1:      dpeg_arrival_arbitrary_b

Table legend:
 A = Turns spent in this place as a percentage of turns spent in the entire game.
 B = Non-inter-level travel turns spent in this place as a percentage of non-inter-level travel turns spent in the entire game.
 C = Inter-level travel turns spent in this place as a percentage of turns spent in this place.
 D = Turns resting spent in this place as a percentage of non-inter-level travel turns spent in this place.
 E = Turns spent auto-exploring this place as a percentage of non-inter-level travel turns spent in this place.
 F = Non-inter-level travel turns spent in this place divided by the number of levels of this place that you've seen.
                   A       B       C       D       E      F
               +-------+-------+-------+-------+-------+----------------------
         Total | 100.0 | 100.0 |   0.0 |   0.0 |   2.3 |  43.0
       Dungeon | 100.0 | 100.0 |   0.0 |   0.0 |   2.3 |  43.0
               +-------+-------+-------+-------+-------+----------------------

Table legend:
 A = Kills in this place as a percentage of kills in entire the game.
 B = Kills by you in this place as a percentage of kills by you in the entire game.
 C = Kills by friends in this place as a percentage of kills by friends in the entire game.
 D = Other kills in this place as a percentage of other kills in the entire game.
 E = Experience gained in this place as a percentage of experience gained in the entire game.
 F = Experience gained in this place divided by the number of levels of this place that you have seen.
                   A       B       C       D       E      F
               +-------+-------+-------+-------+-------+----------------------
         Total | 100.0 | 100.0 |  -nan |  -nan | 100.0 |   2.0
       Dungeon | 100.0 | 100.0 |  -nan |  -nan | 100.0 |   2.0
               +-------+-------+-------+-------+-------+----------------------
